Sabres vs MapleLeafs

Created - February-02-14 at 10:25

Goals
1 2 3 OT1 SO T
Sabres 1 0 0 0 1 1
MapleLeafs 1 0 0 0 2 2
Shots
1 2 3 OT1 SO T
Sabres 10 13 9 1 3 33
MapleLeafs 8 15 6 1 3 30

1st period

1. MapleLeafs , Greg Zanon 4 (Raffi Torres, Brian Lashoff) at 2:35
2. Sabres , Brad Boyes 12 (Mike Fisher) at 17:42 (PP)

Penalties :
Oliver Ekman-Larsson (BUF) for Interference (Minor) at 5:10, Evander Kane (BUF) for High sticking (Minor) at 9:45, Vincent Lecavalier (TOR) for Roughing (Minor) at 15:04, Hal Gill (TOR) for High sticking (Minor) at 17:38, Dan Girardi (BUF) for Holding (Minor) at 18:43

2nd period

No Goal

Penalties :
Dan Girardi (BUF) for Hooking (Minor) at 1:03, Drew Doughty (TOR) for Holding (Minor) at 4:34, Drew Doughty (TOR) for Holding (Minor) at 7:28, Vernon Fiddler (TOR) for Boarding (Minor) at 12:26, Evander Kane (BUF) for Hooking (Minor) at 16:00, Derek Dorsett (TOR) for Hooking (Minor) at 19:28

3rd period

No Goal

Penalties :
Grant Clitsome (BUF) for Holding (Minor) at 1:09, Ryan Callahan (TOR) for Cross-checking (Minor) at 3:42, Nick Leddy (TOR) for Roughing (Minor) at 9:43, Dan Girardi (BUF) for Roughing (Minor) at 13:39, Evander Kane (BUF) for Holding Stick (Minor) at 17:37

Overtime #1

No Goal

Penalties :
No Penalty

Shootout

Penalty Shot by Thomas Vanek for Sabres - Stopped by Ryan Miller
Penalty Shot by Derek Dorsett for MapleLeafs - Goal!
Penalty Shot by Matt Duchene for Sabres - Goal!
Penalty Shot by Ryan Callahan for MapleLeafs - Stopped by Ondrej Pavelec
Penalty Shot by Jason Pominville for Sabres - Stopped by Ryan Miller
Penalty Shot by Patrick Marleau for MapleLeafs - Goal!

Penalties :
No Penalty

Goalie Stats

Ondrej Pavelec (BUF), 29 saves from 30 shots - (0.967), OTL, 24-14-7, 65:00 minutes
Ryan Miller (TOR), 32 saves from 33 shots - (0.970), W, 25-14-6, 65:00 minutes

Players Stats for Sabres

Player Name              G  A  P  +/- PIM S  H  SB GA TA FO     MP     PP MP  PK MP  
------------------------------------------------------------------------------------
Brad Boyes               1  0  1  -1  0   2  0  0  0  0  0/1    14:02   6:49   0:00 
Brad Stuart              0  0  0  -1  0   0  2  0  0  0  0/0    13:55   0:00   3:07 
Brayden Schenn           0  0  0   0  0   3  3  0  0  0  7/12   12:18   0:00   0:00 
Dan Cleary               0  0  0   0  0   0  0  0  0  0  0/0     2:12   0:00   0:00 
Dan Girardi              0  0  0   0  6   4  1  0  0  0  0/0    27:27   8:43   5:18 
Daniel Winnik            0  0  0   0  0   1  0  1  0  0  0/0    11:46   0:00   0:00 
Evander Kane             0  0  0  -1  6   3  3  1  0  0  1/1    18:47   6:49   3:08 
Francois Beauchemin      0  0  0   0  0   6  2  2  0  0  0/0    25:23   4:56   8:57 
Grant Clitsome           0  0  0   0  2   2  0  2  0  0  0/0    13:34   4:55   0:00 
Jason Pominville         0  0  0   0  0   3  0  0  0  0  0/2    26:46   6:50  10:08 
Joel Ward                0  0  0   0  0   2  0  0  0  0  0/0    13:34   0:00   2:18 
Johnny Oduya             0  0  0  -1  0   0  0  2  0  0  0/0    21:57   0:00   8:18 
Matt Duchene             0  0  0   0  0   1  2  0  0  0  21/32  19:46   6:50   0:00 
Mike Fisher              0  1  1  -1  0   5  0  0  0  0  25/47  25:50   6:49  10:08 
Oliver Ekman-Larsson     0  0  0   0  2   0  2  0  0  0  0/0    27:39   8:43   5:28 
Paul Gaustad             0  0  0   0  0   0  0  0  0  0  3/5     7:38   0:00   5:26 
Thomas Vanek             0  0  0   0  0   1  1  0  0  0  0/0    19:14   6:50   0:00 
Tom Pyatt                0  0  0   0  0   0  0  0  0  0  0/0     2:12   0:00   0:00 

Players Stats for MapleLeafs

Player Name              G  A  P  +/- PIM S  H  SB GA TA FO     MP     PP MP  PK MP  
------------------------------------------------------------------------------------
Adam Hall                0  0  0   0  0   1  0  0  0  0  3/7     6:35   0:00   0:36 
Adam Henrique            0  0  0   0  0   4  0  0  0  0  6/13   20:19   6:39   5:35 
Brian Lashoff            0  1  1   1  0   1  0  0  0  0  0/0    18:11   0:53   6:07 
Derek Dorsett            0  0  0   0  2   0  2  0  0  0  1/1     9:18   0:00   0:00 
Drew Doughty             0  0  0   0  4   1  2  0  0  0  0/0    27:28   8:12   5:16 
Evgeni Malkin            0  0  0   0  0   3  0  0  0  0  12/33  20:31   8:55   0:00 
Greg Zanon               1  0  1   1  0   1  1  2  0  0  0/0    18:43   0:00   6:52 
Hal Gill                 0  0  0   0  2   0  2  0  0  0  0/0     9:35   0:00   0:15 
Jonathan Ericsson        0  0  0   0  0   0  3  0  0  0  0/0    27:08   7:22   6:31 
Nick Leddy               0  0  0   0  2   3  0  1  0  0  0/0    25:20   7:22   6:05 
Patrick Marleau          0  0  0   0  0   4  1  0  0  0  0/2    20:03   8:55   0:00 
Raffi Torres             0  1  1   1  0   2  2  0  0  0  0/0    13:38   6:39   0:00 
Ryan Callahan            0  0  0   0  2   2  3  0  0  0  2/3    27:36   8:55   7:06 
Ryan Carter              0  0  0   0  0   1  1  1  0  0  1/5    10:13   0:00   3:12 
Steve Sullivan           0  0  0   1  0   0  0  0  0  0  0/0     7:11   0:00   0:00 
Vernon Fiddler           0  0  0   1  2   2  0  0  0  0  10/23  14:11   0:00   7:01 
Vincent Lecavalier       0  0  0   0  2   1  0  0  0  0  8/13   17:17   7:19   0:00 
Vladimir Tarasenko       0  0  0   0  0   4  0  0  0  0  0/0    12:38   6:39   0:00 

3 Stars

1 - Ryan Miller (TOR)
2 - Ondrej Pavelec (BUF)
3 - Greg Zanon (TOR)

Power Play

Sabres - 1 on 8 Attempt(s) - 12.50%
MapleLeafs - 0 on 8 Attempt(s) - 0.00%

Penalty Kill

Sabres - 8 on 8 Attempt(s) - 100.00% - Score 0 goal in Penalty Kill
MapleLeafs - 7 on 8 Attempt(s) - 87.50% - Score 0 goal in Penalty Kill

Official

Referees : Ghislain Hebert and Trent Knorr
Linesman : Brad Lazarowich and Tony Sericolo

Game Notes

No Game Note

Finance

Level 1 -- Attendance: 5025 (77.31%) -- Ticket Income $603,000
Level 2 -- Attendance: 4312 (86.24%) -- Ticket Income $323,400
Level 3 -- Attendance: 1983 (56.66%) -- Ticket Income $138,810
Level 4 -- Attendance: 1509 (53.53%) -- Ticket Income $90,540
Luxury Box -- Attendance: 940 (94.00%) -- Ticket Income $206,800
Game was played at the Air Canada Center
Total Attendance: 13769 (73.17%)
Total Ticket Income: $1,362,550
Other Income: $204,382
Total Income: $1,566,932


% Time on Ice - Sabres

Lines # - Real PCT - Wanted PCT - Time Play
Normal Forward
1 - 32% - 40% - 9:48
2 - 24% - 32% - 7:13
3 - 37% - 23% - 11:16
4 - 7% - 5% - 2:12
Normal Defense
1 - 37% - 37% - 11:11
2 - 30% - 33% - 9:00
3 - 21% - 17% - 6:27
4 - 13% - 13% - 3:51
PP Forward
1 - 50% - 65% - 6:50
2 - 50% - 35% - 6:49
PP Defense
1 - 64% - 55% - 8:43
2 - 36% - 45% - 4:56
PK Forward
1 - 65% - 60% - 10:08
2 - 35% - 40% - 5:26
PK Defense
1 - 46% - 60% - 7:06
2 - 54% - 40% - 8:28
PK3 Forward
1 - 0% - 60%
2 - 0% - 40%
PK3 Defense
1 - 0% - 60%
2 - 0% - 40%
44 Forward
1 - 69% - 60% - 3:38
2 - 31% - 40% - 1:40
44 Defense
1 - 53% - 60% - 2:48
2 - 47% - 40% - 2:30
Last Minute Offensive  - 0:00
Last Minute Defensive  - 0:00
Total
Forward - 65:00
Defense - 65:00

% Time on Ice - MapleLeafs

Lines # - Real PCT - Wanted PCT - Time Play
Normal Forward
1 - 30% - 35% - 9:14
2 - 27% - 30% - 8:05
3 - 24% - 25% - 7:11
4 - 20% - 10% - 5:59
Normal Defense
1 - 35% - 40% - 10:42
2 - 31% - 30% - 9:21
3 - 33% - 20% - 9:55
4 - 2% - 10% - 0:31
PP Forward
1 - 57% - 50% - 8:55
2 - 43% - 50% - 6:39
PP Defense
1 - 53% - 60% - 8:12
2 - 47% - 40% - 7:22
PK Forward
1 - 65% - 55% - 8:51
2 - 35% - 45% - 4:48
PK Defense
1 - 56% - 60% - 7:42
2 - 44% - 40% - 5:57
PK3 Forward
1 - 0% - 50%
2 - 0% - 50%
PK3 Defense
1 - 0% - 60%
2 - 0% - 40%
44 Forward
1 - 64% - 50% - 3:24
2 - 36% - 50% - 1:54
44 Defense
1 - 68% - 60% - 3:35
2 - 32% - 40% - 1:43
Last Minute Offensive  - 0:00
Last Minute Defensive  - 0:00
Total
Forward - 65:00
Defense - 65:00

Play by Play

1st period


0:01 of 1st period - Matt Duchene wins face-off versus Evgeni Malkin in neutral zone.
0:07 of 1st period - Icing by Ryan Callahan.
0:08 of 1st period - Evgeni Malkin wins face-off versus Mike Fisher in MapleLeafs zone.
0:10 of 1st period - Icing by Ryan Callahan.
0:11 of 1st period - Evgeni Malkin wins face-off versus Brayden Schenn in MapleLeafs zone.
0:30 of 1st period - Brad Stuart is hit by Patrick Marleau and loses puck.
0:43 of 1st period - Icing by Drew Doughty.
0:44 of 1st period - Mike Fisher wins face-off versus Evgeni Malkin in MapleLeafs zone.
1:09 of 1st period - Shot by Francois Beauchemin.
1:09 of 1st period - Stopped by Ryan Miller without a rebound.
1:10 of 1st period - Matt Duchene wins face-off versus Vincent Lecavalier in MapleLeafs zone.
1:31 of 1st period - Oliver Ekman-Larsson is hit by Derek Dorsett.
2:33 of 1st period - Shot by Raffi Torres.
2:33 of 1st period - Shot Blocked by Evander Kane.
2:35 of 1st period - Shot by Greg Zanon.
2:35 of 1st period - Goal by Greg Zanon - Sabres : 0 - MapleLeafs : 1.
2:36 of 1st period - Paul Gaustad wins face-off versus Adam Hall in neutral zone.
3:06 of 1st period - Icing by Johnny Oduya.
3:07 of 1st period - Paul Gaustad wins face-off versus Vernon Fiddler in Sabres zone.
4:05 of 1st period - Shot by Patrick Marleau.
4:05 of 1st period - Shot Misses the Net.
4:07 of 1st period - Shot by Patrick Marleau.
4:07 of 1st period - Stopped by Ondrej Pavelec without a rebound.
4:08 of 1st period - Brayden Schenn wins face-off versus Vincent Lecavalier in Sabres zone.
5:10 of 1st period - Minor Penalty to Oliver Ekman-Larsson for Interference.
5:11 of 1st period - Evgeni Malkin wins face-off versus Mike Fisher in Sabres zone.
6:14 of 1st period - Shot by Nick Leddy.
6:14 of 1st period - Stopped by Ondrej Pavelec without a rebound.
6:15 of 1st period - Mike Fisher wins face-off versus Adam Henrique in Sabres zone.
6:30 of 1st period - Shot by Nick Leddy.
6:30 of 1st period - Shot Misses the Net.
6:37 of 1st period - Vladimir Tarasenko is hit by Brad Stuart.
8:10 of 1st period - Shot by Vladimir Tarasenko.
8:10 of 1st period - Stopped by Ondrej Pavelec without a rebound.
8:11 of 1st period - Matt Duchene wins face-off versus Evgeni Malkin in Sabres zone.
8:15 of 1st period - Icing by Thomas Vanek.
8:16 of 1st period - Matt Duchene wins face-off versus Evgeni Malkin in Sabres zone.
8:28 of 1st period - Icing by Jonathan Ericsson.
8:29 of 1st period - Mike Fisher wins face-off versus Evgeni Malkin in MapleLeafs zone.
8:29 of 1st period - Mike Fisher is hit by Drew Doughty.
8:37 of 1st period - Shot by Evander Kane.
8:37 of 1st period - Shot Misses the Net.
8:45 of 1st period - Shot by Evander Kane.
8:45 of 1st period - Shot Misses the Net.
8:47 of 1st period - Shot by Grant Clitsome.
8:47 of 1st period - Stopped by Ryan Miller without a rebound.
8:48 of 1st period - Vincent Lecavalier wins face-off versus Matt Duchene in MapleLeafs zone.
9:14 of 1st period - Icing by Matt Duchene.
9:15 of 1st period - Matt Duchene wins face-off versus Evgeni Malkin in Sabres zone.
9:34 of 1st period - Shot by Ryan Callahan.
9:34 of 1st period - Deflect By Evgeni Malkin.
9:34 of 1st period - Stopped by Ondrej Pavelec without a rebound.
9:35 of 1st period - Mike Fisher wins face-off versus Vernon Fiddler in Sabres zone.
9:35 of 1st period - Mike Fisher is hit by Raffi Torres.
9:40 of 1st period - Off-side.
9:41 of 1st period - Mike Fisher wins face-off versus Patrick Marleau in neutral zone.
9:45 of 1st period - Minor Penalty to Evander Kane for High sticking.
9:46 of 1st period - Adam Henrique wins face-off versus Mike Fisher in Sabres zone.
10:11 of 1st period - Shot by Vincent Lecavalier.
10:11 of 1st period - Shot Misses the Net.
11:15 of 1st period - Shot by Evgeni Malkin.
11:15 of 1st period - Stopped by Ondrej Pavelec without a rebound.
11:16 of 1st period - Evgeni Malkin wins face-off versus Mike Fisher in Sabres zone.
11:19 of 1st period - Shot by Jonathan Ericsson.
11:19 of 1st period - Shot Blocked by Johnny Oduya.
11:21 of 1st period - Shot by Patrick Marleau.
11:21 of 1st period - Stopped by Ondrej Pavelec without a rebound.
11:22 of 1st period - Mike Fisher wins face-off versus Evgeni Malkin in Sabres zone.
12:07 of 1st period - Icing by Vernon Fiddler.
12:08 of 1st period - Matt Duchene wins face-off versus Vernon Fiddler in MapleLeafs zone.
13:21 of 1st period - Icing by Jason Pominville.
13:22 of 1st period - Matt Duchene wins face-off versus Evgeni Malkin in Sabres zone.
14:22 of 1st period - Icing by Francois Beauchemin.
14:23 of 1st period - Vincent Lecavalier wins face-off versus Mike Fisher in Sabres zone.
15:04 of 1st period - Minor Penalty to Vincent Lecavalier for Roughing.
15:05 of 1st period - Matt Duchene wins face-off versus Vernon Fiddler in MapleLeafs zone.
15:06 of 1st period - Shot by Francois Beauchemin.
15:06 of 1st period - Stopped by Ryan Miller without a rebound.
15:07 of 1st period - Vernon Fiddler wins face-off versus Mike Fisher in MapleLeafs zone.
15:34 of 1st period - Shot by Mike Fisher.
15:34 of 1st period - Stopped by Ryan Miller without a rebound.
15:35 of 1st period - Matt Duchene wins face-off versus Adam Henrique in MapleLeafs zone.
15:55 of 1st period - Shot by Matt Duchene.
15:55 of 1st period - Stopped by Ryan Miller without a rebound.
15:56 of 1st period - Matt Duchene wins face-off versus Adam Henrique in MapleLeafs zone.
16:07 of 1st period - Shot by Dan Girardi.
16:07 of 1st period - Stopped by Ryan Miller without a rebound.
16:08 of 1st period - Mike Fisher wins face-off versus Vernon Fiddler in MapleLeafs zone.
16:09 of 1st period - Shot by Francois Beauchemin.
16:09 of 1st period - Shot Blocked by Nick Leddy.
16:11 of 1st period - Shot by Evander Kane.
16:11 of 1st period - Shot Misses the Net.
16:13 of 1st period - Shot by Mike Fisher.
16:13 of 1st period - Stopped by Ryan Miller without a rebound.
16:14 of 1st period - Matt Duchene wins face-off versus Vernon Fiddler in MapleLeafs zone.
16:25 of 1st period - Shot by Dan Girardi.
16:25 of 1st period - Stopped by Ryan Miller without a rebound.
16:26 of 1st period - Vernon Fiddler wins face-off versus Mike Fisher in MapleLeafs zone.
17:15 of 1st period - Shot by Matt Duchene.
17:15 of 1st period - Shot Misses the Net.
17:22 of 1st period - Thomas Vanek is hit by Hal Gill and loses puck.
17:38 of 1st period - Minor Penalty to Hal Gill for High sticking.
17:39 of 1st period - Mike Fisher wins face-off versus Vernon Fiddler in MapleLeafs zone.
17:42 of 1st period - Shot by Brad Boyes.
17:42 of 1st period - Goal by Brad Boyes - Sabres : 1 - MapleLeafs : 1.
17:43 of 1st period - Brayden Schenn wins face-off versus Evgeni Malkin in neutral zone.
18:14 of 1st period - Shot by Joel Ward.
18:14 of 1st period - Shot Misses the Net.
18:16 of 1st period - Shot by Brayden Schenn.
18:16 of 1st period - Stopped by Ryan Miller without a rebound.
18:17 of 1st period - Vincent Lecavalier wins face-off versus Brad Boyes in MapleLeafs zone.
18:27 of 1st period - Derek Dorsett is hit by Oliver Ekman-Larsson and loses puck.
18:35 of 1st period - Adam Henrique is hit by Dan Girardi and loses puck.
18:43 of 1st period - Minor Penalty to Dan Girardi for Holding.
18:44 of 1st period - Mike Fisher wins face-off versus Evgeni Malkin in Sabres zone.
19:10 of 1st period - Icing by Evgeni Malkin.
19:11 of 1st period - Evgeni Malkin wins face-off versus Mike Fisher in MapleLeafs zone.
19:22 of 1st period - Shot by Patrick Marleau.
19:22 of 1st period - Stopped by Ondrej Pavelec without a rebound.
19:23 of 1st period - Adam Henrique wins face-off versus Jason Pominville in Sabres zone.
19:33 of 1st period - Icing by Adam Henrique.
19:34 of 1st period - Adam Henrique wins face-off versus Mike Fisher in MapleLeafs zone.
Goals for this period are 1 for Sabres vs 1 for MapleLeafs.
Shots for this period are 10 for Sabres vs 8 for MapleLeafs.

2nd period


0:01 of 2nd period - Mike Fisher wins face-off versus Adam Henrique in neutral zone.
0:44 of 2nd period - Shot by Vladimir Tarasenko.
0:44 of 2nd period - Shot Misses the Net.
0:50 of 2nd period - Shot by Joel Ward.
0:50 of 2nd period - Stopped by Ryan Miller without a rebound.
0:51 of 2nd period - Brayden Schenn wins face-off versus Evgeni Malkin in MapleLeafs zone.
1:03 of 2nd period - Minor Penalty to Dan Girardi for Hooking.
1:04 of 2nd period - Evgeni Malkin wins face-off versus Mike Fisher in Sabres zone.
1:05 of 2nd period - Shot by Nick Leddy.
1:05 of 2nd period - Stopped by Ondrej Pavelec without a rebound.
1:06 of 2nd period - Evgeni Malkin wins face-off versus Mike Fisher in Sabres zone.
1:11 of 2nd period - Shot by Evgeni Malkin.
1:11 of 2nd period - Stopped by Ondrej Pavelec with a rebound.
1:13 of 2nd period - Shot by Drew Doughty.
1:13 of 2nd period - Stopped by Ondrej Pavelec without a rebound.
1:14 of 2nd period - Evgeni Malkin wins face-off versus Mike Fisher in Sabres zone.
1:33 of 2nd period - Shot by Vincent Lecavalier.
1:33 of 2nd period - Shot Misses the Net.
1:35 of 2nd period - Shot by Drew Doughty.
1:35 of 2nd period - Deflect By Patrick Marleau.
1:35 of 2nd period - Stopped by Ondrej Pavelec with a rebound.
2:41 of 2nd period - Shot by Vladimir Tarasenko.
2:41 of 2nd period - Shot Misses the Net.
2:43 of 2nd period - Shot by Adam Henrique.
2:43 of 2nd period - Stopped by Ondrej Pavelec with a rebound.
2:47 of 2nd period - Shot by Raffi Torres.
2:47 of 2nd period - Shot Misses the Net.
3:14 of 2nd period - Icing by Oliver Ekman-Larsson.
3:15 of 2nd period - Adam Hall wins face-off versus Brayden Schenn in Sabres zone.
3:15 of 2nd period - Adam Hall is hit by Oliver Ekman-Larsson.
3:28 of 2nd period - Dan Girardi is hit by Greg Zanon and loses puck.
3:32 of 2nd period - Icing by Brian Lashoff.
3:33 of 2nd period - Paul Gaustad wins face-off versus Adam Hall in MapleLeafs zone.
3:44 of 2nd period - Shot by Vladimir Tarasenko.
3:44 of 2nd period - Stopped by Ondrej Pavelec with a rebound.
3:51 of 2nd period - Shot by Adam Hall.
3:51 of 2nd period - Deflect By Vladimir Tarasenko.
3:51 of 2nd period - Stopped by Ondrej Pavelec with a rebound.
3:53 of 2nd period - Shot by Ryan Carter.
3:53 of 2nd period - Stopped by Ondrej Pavelec without a rebound.
3:54 of 2nd period - Brayden Schenn wins face-off versus Evgeni Malkin in Sabres zone.
4:04 of 2nd period - Drew Doughty is hit by Brayden Schenn and loses puck.
4:20 of 2nd period - Brayden Schenn is hit by Jonathan Ericsson and loses puck.
4:34 of 2nd period - Minor Penalty to Drew Doughty for Holding.
4:35 of 2nd period - Vernon Fiddler wins face-off versus Matt Duchene in MapleLeafs zone.
5:11 of 2nd period - Icing by Matt Duchene.
5:12 of 2nd period - Vernon Fiddler wins face-off versus Jason Pominville in Sabres zone.
5:28 of 2nd period - Shot by Francois Beauchemin.
5:28 of 2nd period - Stopped by Ryan Miller without a rebound.
5:29 of 2nd period - Ryan Callahan wins face-off versus Mike Fisher in MapleLeafs zone.
6:37 of 2nd period - Shot by Joel Ward.
6:37 of 2nd period - Shot Misses the Net.
6:55 of 2nd period - Ryan Carter is hit by Brayden Schenn and loses puck.
7:04 of 2nd period - Shot by Brayden Schenn.
7:04 of 2nd period - Stopped by Ryan Miller with a rebound.
7:14 of 2nd period - Nick Leddy is hit by Brad Stuart.
7:17 of 2nd period - Icing by Johnny Oduya.
7:18 of 2nd period - Brayden Schenn wins face-off versus Evgeni Malkin in Sabres zone.
7:28 of 2nd period - Minor Penalty to Drew Doughty for Holding.
7:29 of 2nd period - Vernon Fiddler wins face-off versus Matt Duchene in MapleLeafs zone.
8:02 of 2nd period - Greg Zanon is hit by Matt Duchene and loses puck.
8:28 of 2nd period - Francois Beauchemin is hit by Ryan Carter and loses puck.
8:39 of 2nd period - Shot by Francois Beauchemin.
8:39 of 2nd period - Stopped by Ryan Miller with a rebound.
8:45 of 2nd period - Shot by Brad Boyes.
8:45 of 2nd period - Shot Misses the Net.
8:47 of 2nd period - Shot by Grant Clitsome.
8:47 of 2nd period - Shot Blocked by Ryan Carter.
8:57 of 2nd period - Shot by Mike Fisher.
8:57 of 2nd period - Stopped by Ryan Miller without a rebound.
8:58 of 2nd period - Vernon Fiddler wins face-off versus Matt Duchene in MapleLeafs zone.
9:40 of 2nd period - Shot by Brayden Schenn.
9:40 of 2nd period - Stopped by Ryan Miller without a rebound.
9:41 of 2nd period - Vincent Lecavalier wins face-off versus Mike Fisher in MapleLeafs zone.
10:07 of 2nd period - Brad Boyes is hit by Drew Doughty and loses puck.
10:17 of 2nd period - Jonathan Ericsson is hit by Francois Beauchemin and loses puck.
10:58 of 2nd period - Oliver Ekman-Larsson is hit by Ryan Callahan and loses puck.
11:29 of 2nd period - Oliver Ekman-Larsson is hit by Raffi Torres and loses puck.
12:26 of 2nd period - Minor Penalty to Vernon Fiddler for Boarding.
12:27 of 2nd period - Mike Fisher wins face-off versus Ryan Carter in MapleLeafs zone.
12:32 of 2nd period - Shot by Dan Girardi.
12:32 of 2nd period - Stopped by Ryan Miller without a rebound.
12:33 of 2nd period - Mike Fisher wins face-off versus Ryan Carter in MapleLeafs zone.
12:34 of 2nd period - Shot by Francois Beauchemin.
12:34 of 2nd period - Stopped by Ryan Miller with a rebound.
12:36 of 2nd period - Shot by Evander Kane.
12:36 of 2nd period - Stopped by Ryan Miller without a rebound.
12:37 of 2nd period - Mike Fisher wins face-off versus Ryan Carter in MapleLeafs zone.
13:44 of 2nd period - Brad Boyes is hit by Jonathan Ericsson and loses puck.
14:11 of 2nd period - Shot by Matt Duchene.
14:11 of 2nd period - Deflect By Jason Pominville.
14:11 of 2nd period - Stopped by Ryan Miller without a rebound.
14:12 of 2nd period - Ryan Carter wins face-off versus Matt Duchene in MapleLeafs zone.
14:25 of 2nd period - Shot by Thomas Vanek.
14:25 of 2nd period - Stopped by Ryan Miller without a rebound.
14:26 of 2nd period - Brayden Schenn wins face-off versus Vincent Lecavalier in MapleLeafs zone.
14:53 of 2nd period - Shot by Joel Ward.
14:53 of 2nd period - Stopped by Ryan Miller without a rebound.
14:54 of 2nd period - Vernon Fiddler wins face-off versus Matt Duchene in MapleLeafs zone.
15:47 of 2nd period - Shot by Ryan Callahan.
15:47 of 2nd period - Stopped by Ondrej Pavelec without a rebound.
15:48 of 2nd period - Evgeni Malkin wins face-off versus Mike Fisher in Sabres zone.
16:00 of 2nd period - Minor Penalty to Evander Kane for Hooking.
16:01 of 2nd period - Mike Fisher wins face-off versus Evgeni Malkin in Sabres zone.
16:28 of 2nd period - Shot by Ryan Callahan.
16:28 of 2nd period - Stopped by Ondrej Pavelec without a rebound.
16:29 of 2nd period - Adam Henrique wins face-off versus Paul Gaustad in Sabres zone.
16:30 of 2nd period - Shot by Nick Leddy.
16:30 of 2nd period - Deflect By Adam Henrique.
16:30 of 2nd period - Stopped by Ondrej Pavelec with a rebound.
17:12 of 2nd period - Shot by Adam Henrique.
17:12 of 2nd period - Stopped by Ondrej Pavelec with a rebound.
18:08 of 2nd period - Shot by Vernon Fiddler.
18:08 of 2nd period - Stopped by Ondrej Pavelec with a rebound.
18:10 of 2nd period - Shot by Brian Lashoff.
18:10 of 2nd period - Stopped by Ondrej Pavelec without a rebound.
18:11 of 2nd period - Adam Hall wins face-off versus Paul Gaustad in Sabres zone.
18:32 of 2nd period - Shot by Adam Hall.
18:32 of 2nd period - Stopped by Ondrej Pavelec without a rebound.
18:33 of 2nd period - Evgeni Malkin wins face-off versus Mike Fisher in Sabres zone.
19:04 of 2nd period - Shot by Mike Fisher.
19:04 of 2nd period - Stopped by Ryan Miller without a rebound.
19:05 of 2nd period - Matt Duchene wins face-off versus Vincent Lecavalier in MapleLeafs zone.
19:09 of 2nd period - Icing by Nick Leddy.
19:10 of 2nd period - Matt Duchene wins face-off versus Adam Henrique in MapleLeafs zone.
19:28 of 2nd period - Minor Penalty to Derek Dorsett for Hooking.
19:29 of 2nd period - Vernon Fiddler wins face-off versus Mike Fisher in MapleLeafs zone.
Goals for this period are 0 for Sabres vs 0 for MapleLeafs.
Shots for this period are 13 for Sabres vs 15 for MapleLeafs.

3rd period


0:01 of 3rd period - Matt Duchene wins face-off versus Vernon Fiddler in neutral zone.
0:41 of 3rd period - Thomas Vanek is hit by Jonathan Ericsson and loses puck.
1:09 of 3rd period - Minor Penalty to Grant Clitsome for Holding.
1:10 of 3rd period - Vincent Lecavalier wins face-off versus Matt Duchene in Sabres zone.
1:39 of 3rd period - Shot by Vladimir Tarasenko.
1:39 of 3rd period - Stopped by Ondrej Pavelec without a rebound.
1:40 of 3rd period - Mike Fisher wins face-off versus Evgeni Malkin in Sabres zone.
1:46 of 3rd period - Icing by Jonathan Ericsson.
1:47 of 3rd period - Mike Fisher wins face-off versus Ryan Callahan in MapleLeafs zone.
1:57 of 3rd period - Icing by Patrick Marleau.
1:58 of 3rd period - Evgeni Malkin wins face-off versus Mike Fisher in MapleLeafs zone.
2:17 of 3rd period - Shot by Nick Leddy.
2:17 of 3rd period - Stopped by Ondrej Pavelec without a rebound.
2:18 of 3rd period - Mike Fisher wins face-off versus Adam Henrique in Sabres zone.
2:35 of 3rd period - Shot by Raffi Torres.
2:35 of 3rd period - Stopped by Ondrej Pavelec with a rebound.
2:42 of 3rd period - Shot by Raffi Torres.
2:42 of 3rd period - Stopped by Ondrej Pavelec without a rebound.
2:43 of 3rd period - Ryan Callahan wins face-off versus Mike Fisher in Sabres zone.
2:52 of 3rd period - Shot by Jonathan Ericsson.
2:52 of 3rd period - Deflect By Evgeni Malkin.
2:52 of 3rd period - Shot Misses the Net.
3:32 of 3rd period - Icing by Brayden Schenn.
3:33 of 3rd period - Vernon Fiddler wins face-off versus Brayden Schenn in Sabres zone.
3:36 of 3rd period - Shot by Vernon Fiddler.
3:36 of 3rd period - Stopped by Ondrej Pavelec without a rebound.
3:37 of 3rd period - Matt Duchene wins face-off versus Evgeni Malkin in Sabres zone.
3:37 of 3rd period - Matt Duchene is hit by Ryan Callahan.
3:42 of 3rd period - Minor Penalty to Ryan Callahan for Cross-checking.
3:43 of 3rd period - Matt Duchene wins face-off versus Ryan Carter in MapleLeafs zone.
4:26 of 3rd period - Shot by Dan Girardi.
4:26 of 3rd period - Stopped by Ryan Miller without a rebound.
4:27 of 3rd period - Adam Henrique wins face-off versus Mike Fisher in MapleLeafs zone.
5:09 of 3rd period - Icing by Evander Kane.
5:10 of 3rd period - Mike Fisher wins face-off versus Vernon Fiddler in Sabres zone.
6:11 of 3rd period - Joel Ward is hit by Hal Gill and loses puck.
6:38 of 3rd period - Shot by Jason Pominville.
6:38 of 3rd period - Stopped by Ryan Miller without a rebound.
6:39 of 3rd period - Adam Hall wins face-off versus Matt Duchene in MapleLeafs zone.
7:51 of 3rd period - Shot by Evander Kane.
7:51 of 3rd period - Deflect By Brad Boyes.
7:51 of 3rd period - Stopped by Ryan Miller without a rebound.
7:52 of 3rd period - Vernon Fiddler wins face-off versus Mike Fisher in MapleLeafs zone.
7:52 of 3rd period - Vernon Fiddler is hit by Evander Kane.
8:34 of 3rd period - Greg Zanon is hit by Evander Kane and loses puck.
8:49 of 3rd period - Icing by Johnny Oduya.
8:50 of 3rd period - Brayden Schenn wins face-off versus Patrick Marleau in Sabres zone.
9:13 of 3rd period - Shot by Evgeni Malkin.
9:13 of 3rd period - Shot Blocked by Daniel Winnik.
9:15 of 3rd period - Shot by Jonathan Ericsson.
9:15 of 3rd period - Shot Blocked by Johnny Oduya.
9:22 of 3rd period - Evgeni Malkin is hit by Francois Beauchemin and loses puck.
9:27 of 3rd period - Shot by Drew Doughty.
9:27 of 3rd period - Shot Blocked by Francois Beauchemin.
9:29 of 3rd period - Shot by Patrick Marleau.
9:29 of 3rd period - Shot Misses the Net.
9:34 of 3rd period - Icing by Johnny Oduya.
9:35 of 3rd period - Vincent Lecavalier wins face-off versus Brayden Schenn in Sabres zone.
9:38 of 3rd period - Shot by Adam Henrique.
9:38 of 3rd period - Shot Misses the Net.
9:43 of 3rd period - Minor Penalty to Nick Leddy for Roughing.
9:44 of 3rd period - Matt Duchene wins face-off versus Vernon Fiddler in MapleLeafs zone.
10:03 of 3rd period - Shot by Matt Duchene.
10:03 of 3rd period - Deflect By Jason Pominville.
10:03 of 3rd period - Stopped by Ryan Miller without a rebound.
10:04 of 3rd period - Mike Fisher wins face-off versus Vernon Fiddler in MapleLeafs zone.
10:11 of 3rd period - Shot by Grant Clitsome.
10:11 of 3rd period - Stopped by Ryan Miller without a rebound.
10:12 of 3rd period - Adam Henrique wins face-off versus Matt Duchene in MapleLeafs zone.
11:01 of 3rd period - Jonathan Ericsson is hit by Thomas Vanek and loses puck.
11:15 of 3rd period - Off-side.
11:16 of 3rd period - Mike Fisher wins face-off versus Adam Henrique in neutral zone.
11:19 of 3rd period - Shot by Francois Beauchemin.
11:19 of 3rd period - Stopped by Ryan Miller without a rebound.
11:20 of 3rd period - Mike Fisher wins face-off versus Vernon Fiddler in MapleLeafs zone.
11:28 of 3rd period - Shot by Grant Clitsome.
11:28 of 3rd period - Shot Misses the Net.
11:38 of 3rd period - Shot by Evander Kane.
11:38 of 3rd period - Shot Blocked by Greg Zanon.
11:40 of 3rd period - Shot by Francois Beauchemin.
11:40 of 3rd period - Shot Blocked by Greg Zanon.
11:42 of 3rd period - Shot by Evander Kane.
11:42 of 3rd period - Stopped by Ryan Miller without a rebound.
11:43 of 3rd period - Vincent Lecavalier wins face-off versus Brayden Schenn in MapleLeafs zone.
12:00 of 3rd period - Shot by Adam Henrique.
12:00 of 3rd period - Stopped by Ondrej Pavelec without a rebound.
12:01 of 3rd period - Matt Duchene wins face-off versus Adam Hall in Sabres zone.
12:11 of 3rd period - Vladimir Tarasenko is hit by Matt Duchene and loses puck.
12:19 of 3rd period - Off-side.
12:20 of 3rd period - Evander Kane wins face-off versus Vincent Lecavalier in neutral zone.
12:29 of 3rd period - Shot by Vincent Lecavalier.
12:29 of 3rd period - Shot Blocked by Francois Beauchemin.
13:21 of 3rd period - Jason Pominville is hit by Ryan Callahan.
13:22 of 3rd period - Icing by Jason Pominville.
13:23 of 3rd period - Matt Duchene wins face-off versus Vernon Fiddler in Sabres zone.
13:39 of 3rd period - Minor Penalty to Dan Girardi for Roughing.
13:40 of 3rd period - Mike Fisher wins face-off versus Evgeni Malkin in Sabres zone.
14:12 of 3rd period - Vincent Lecavalier is hit by Evander Kane and loses puck.
15:56 of 3rd period - Off-side.
15:57 of 3rd period - Matt Duchene wins face-off versus Adam Hall in neutral zone.
17:19 of 3rd period - Shot by Daniel Winnik.
17:19 of 3rd period - Stopped by Ryan Miller without a rebound.
17:20 of 3rd period - Mike Fisher wins face-off versus Evgeni Malkin in MapleLeafs zone.
17:32 of 3rd period - Shot by Mike Fisher.
17:32 of 3rd period - Stopped by Ryan Miller with a rebound.
17:37 of 3rd period - Minor Penalty to Evander Kane for Holding Stick.
17:38 of 3rd period - Mike Fisher wins face-off versus Evgeni Malkin in Sabres zone.
18:39 of 3rd period - Icing by Jonathan Ericsson.
18:40 of 3rd period - Mike Fisher wins face-off versus Evgeni Malkin in MapleLeafs zone.
19:28 of 3rd period - Shot by Vincent Lecavalier.
19:28 of 3rd period - Shot Misses the Net.
19:30 of 3rd period - Shot by Adam Henrique.
19:30 of 3rd period - Shot Misses the Net.
Goals for this period are 0 for Sabres vs 0 for MapleLeafs.
Shots for this period are 9 for Sabres vs 6 for MapleLeafs.

Overtime #1


0:01 of 1st overtime period - Matt Duchene wins face-off versus Evgeni Malkin in neutral zone.
1:31 of 1st overtime period - Shot by Evander Kane.
1:31 of 1st overtime period - Stopped by Ryan Miller with a rebound.
3:34 of 1st overtime period - Icing by Drew Doughty.
3:35 of 1st overtime period - Derek Dorsett wins face-off versus Matt Duchene in MapleLeafs zone.
3:47 of 1st overtime period - Dan Girardi is hit by Derek Dorsett and loses puck.
4:13 of 1st overtime period - Off-side.
4:14 of 1st overtime period - Vincent Lecavalier wins face-off versus Mike Fisher in neutral zone.
4:27 of 1st overtime period - Shot by Vincent Lecavalier.
4:27 of 1st overtime period - Stopped by Ondrej Pavelec without a rebound.
4:28 of 1st overtime period - Evgeni Malkin wins face-off versus Matt Duchene in Sabres zone.
4:41 of 1st overtime period - Nick Leddy is hit by Brayden Schenn and loses puck.
4:54 of 1st overtime period - Shot by Ryan Callahan.
4:54 of 1st overtime period - Shot Misses the Net.
4:56 of 1st overtime period - Shot by Ryan Callahan.
4:56 of 1st overtime period - Shot Blocked by Grant Clitsome.
4:58 of 1st overtime period - Shot by Jonathan Ericsson.
4:58 of 1st overtime period - Shot Blocked by Grant Clitsome.
Goals for this period are 0 for Sabres vs 0 for MapleLeafs.
Shots for this period are 1 for Sabres vs 1 for MapleLeafs.

ShootOut


5:00 of 1st overtime period - Penalty Shot by Thomas Vanek for Sabres.
5:00 of 1st overtime period - Stopped by Ryan Miller.
5:00 of 1st overtime period - Penalty Shot by Derek Dorsett for MapleLeafs.
5:00 of 1st overtime period - Goal by Derek Dorsett.
5:00 of 1st overtime period - Penalty Shot by Matt Duchene for Sabres.
5:00 of 1st overtime period - Goal by Matt Duchene.
5:00 of 1st overtime period - Penalty Shot by Ryan Callahan for MapleLeafs.
5:00 of 1st overtime period - Stopped by Ondrej Pavelec.
5:00 of 1st overtime period - Penalty Shot by Jason Pominville for Sabres.
5:00 of 1st overtime period - Stopped by Ryan Miller.
5:00 of 1st overtime period - Penalty Shot by Patrick Marleau for MapleLeafs.
5:00 of 1st overtime period - Goal by Patrick Marleau.


Output by the SimonT Hockey Simulator (STHS) for Stephane Roy -- Original Page W3C XHTML 1.0 Valid
Hockey Simulator - Hockey Simulation - Hockey Manager